 Dungeon Crawl Stone Soup version 0.27-a0-1186-g8b4daa1eef (webtiles) character file.

Game seed: 9181312400406996690

105221 robertstho the Tortoise (level 15, -3/149 HPs)
             Began as a Minotaur Berserker on May 19, 2021.
             Was a High Priest of Trog.
             Killed from afar by a will-o-the-wisp (25 damage)
             ... with a foxfire
             ... on level 1 of the Swamp.
             The game lasted 00:57:15 (30133 turns).

robertstho the Tortoise (Minotaur Berserker)       Turns: 30133, Time: 00:57:16

Health: -3/149     AC: 29    Str: 26    XL:     15   Next: 94%
Magic:  24/24      EV:  9    Int: 10    God:    Trog [*****.]
Gold:   2950       SH:  5    Dex: 11    Spells: 14/14 levels left

rFire    . . .     SeeInvis .   j - +4 battleaxe (venom)
rCold    . . .     Faith    .   (shield currently unavailable)
rNeg     . . .     Spirit   .   k - +0 plate armour
rPois    +         Reflect  +   S - +3 hat of Pondering {ponderous, Will+ MP+10 Int+5}
rElec    .         Harm     .   D - scarf {repulsion}
rCorr    .         Rampage  .   c - +0 pair of gloves
Will     ++...                  B - +0 pair of boots
Stlth    ..........             K - amulet of reflection
HPRegen  0.34/turn              x - +4 ring of protection
MPRegen  0.19/turn              E - ring of poison resistance

@: repel missiles, slow
A: horns 2, retaliatory headbutt
a: Renounce Religion, Berserk, Trog's Hand, Brothers in Arms


You were on level 1 of the Swamp.
You worshipped Trog.
Trog was extremely pleased with you.
You visited 4 branches of the dungeon, and saw 24 of its levels.

You collected 4090 gold pieces.
You spent 1140 gold pieces at shops.

Inventory:

Hand Weapons
 a - a +4 battleaxe
 j - a +4 battleaxe of venom (weapon)
 s - the +4 war axe "Usoif" {vorpal, rC++ Str+4 Stlth+}
   (You found it on level 15 of the Dungeon)

   It inflicts extra damage upon your enemies.
   It affects your strength (+4).
   It greatly protects you from cold.
   It makes you more stealthy.
 u - a +2 scimitar of flaming
Armour
 c - a +0 pair of gloves (worn)
 k - a +0 plate armour (worn)
 B - a +0 pair of boots (worn)
 D - a scarf of repulsion (worn)
 S - the +3 hat of Pondering (worn) {ponderous, Will+ MP+10 Int+5}
   (You took it off Gastronok on level 3 of the Lair of Beasts)

   It affects your intelligence (+5).
   It affects your magic capacity (+10).
   It increases your willpower.
 Z - a +0 tower shield
Jewellery
 d - an amulet of regeneration
 n - a +4 ring of protection
 r - a ring of resist corrosion
 v - a ring of willpower
 x - a +4 ring of protection (left hand)
 A - a +6 ring of dexterity
 C - a ring of protection from fire
 E - a ring of poison resistance (right hand)
 F - a ring of protection from fire
 H - a +4 ring of evasion
 K - an amulet of reflection (around neck)
 O - a ring of willpower
 U - a ring of positive energy
Wands
 y - a wand of mindburst (2)
 N - a wand of iceblast (57)
 Q - a wand of digging (7)
Scrolls
 e - 9 scrolls of teleportation
 f - 6 scrolls of enchant armour
 h - a scroll of summoning
 i - a scroll of enchant weapon
 l - 3 scrolls of silence
 m - 6 scrolls of magic mapping
 q - 6 scrolls of immolation
 G - 4 scrolls of fog
 P - 3 scrolls of fear
 X - a scroll of holy word
 Y - 3 scrolls of identify
Potions
 b - 2 potions of invisibility
 g - 4 potions of curing
 o - 3 potions of mutation
 p - 9 potions of flight {unknown}
 t - 3 potions of magic
 w - a potion of might
 z - a potion of degeneration {unknown}
 I - 3 potions of brilliance {unknown}
 J - 7 potions of lignification
 M - a potion of attraction
 R - 2 potions of cancellation
 T - 2 potions of haste
 V - 2 potions of ambrosia


   Skills:
 * Level 17.8 Fighting
 + Level 18.3 Axes
 + Level 2.2(12.6) Maces & Flails
 * Level 18.7 Armour
 + Level 4.1 Dodging
 + Level 7.8 Shields
 + Level 1.9 Evocations


You had 14 spell levels left.
You didn't know any spells.
Your spell library was empty.

Dungeon Overview and Level Annotations

Branches:
Dungeon (15/15)            Temple (0/1) D:6            Lair (6/6) D:8
  Swamp (1/4) Lair:4        Snake (0/4) Lair:3        Slime (0/5) Lair:6
    Orc (2/2) D:12            Elf (0/3) Orc:2        Vaults (0/5) D:14
 Depths (0/5) D:15

Altars:
Ashenzari
Fedhas
Gozag
Kikubaaqudgha
Makhleb
Qazlal
Ru
Trog
Wu Jian
The Shining One
Beogh

Shops:
D:9 =   D:15 [   Orc:1 *   Orc:2 ??:[

Portals:
Hell: Lair:6
Pandemonium: Orc:2
Trove: D:11 (give 7 scrolls of blinking)


Innate Abilities, Weirdness & Mutations

You have a pair of horns on your head.
You reflexively headbutt those who attack you in melee.


Message History

The goliath frog is severely wounded.
The goliath frog hits you but does no damage.
You slash the goliath frog!
You kill the goliath frog!
Trog accepts your kill.
A spriggan druid comes into view. It is wielding a +0 quarterstaff.
The spriggan druid shouts!
A seven-headed hydra comes into view.
A spriggan rider comes into view. It is wielding a +0 spear.
The will-o-the-wisp engulfs you but does no damage.
You see here a goliath frog corpse.
You closely miss the will-o-the-wisp.
The seven-headed hydra roars!
The spriggan rider shouts!
The will-o-the-wisp engulfs you but does no damage.
You hit the will-o-the-wisp.
Your headbutt misses the will-o-the-wisp.
The will-o-the-wisp is lightly damaged.
The spriggan druid mumbles some strange words.
The forest starts to sway and rumble!
The will-o-the-wisp gestures.
The will-o-the-wisp conjures some foxfire! 2 foxfires come into view.
You hit the foxfire.
The foxfire is lightly damaged.
You slash the will-o-the-wisp! Tree limbs sway around you.
A root smacks you from below! The foxfire hits you! x2
Unknown command.
A root smacks you from below!
The will-o-the-wisp gestures.
The will-o-the-wisp conjures some foxfire!
The will-o-the-wisp engulfs you but does no damage.
The spriggan rider hits you from afar with a +0 spear. 2 foxfires come into view.
There is a staircase back to the Lair, spattered with blood here.
Branches wave dangerously above you. A tree reaches out and hits you.
The foxfire hits you!!
* * * LOW HITPOINT WARNING * * *
The foxfire hits you!!
You die...

♣ ♣♣♣♣♣♣♣♣♣♣♣♣ ♣♣≈
♣...).††@♣≈♣♣♣♣..♣♣
♣.≈♣♣♣♣♣vv..≈..♣..♣
♣♣.♣ ♣§§i♣.≈≈.♣.♣♣
♣.♣ ♣≈≈i≈[≈...≈.♣
♣.♣ ♣.≈≈)D)..≈≈(.
♣$♣ ♣.≈≈♣.....≈≈≈
... ♣§≈≈≈.!≈≈.>.≈
♣.♣ ♣.≈≈♣(≈..≈≈≈≈
♣...≈≈≈..≈≈≈.


You could see a seven-headed hydra, a spriggan rider, a spriggan druid and a
will-o-the-wisp.

Vanquished Creatures
  Jorgrun (Orc:2)
  Gastronok (Lair:3)
  A bunyip (Swamp:1)
  Snorg (Orc:1)
  7 hydras
  A vault guard (D:11)
  An ogre mage (D:14)
  Erolcha (Orc:1)
  Harold (Orc:1)
  6 boulder beetles
  3 catoblepae
  5 centaur warriors
  2 tengu warriors
  7 two-headed ogres
  2 alligators (Swamp:1)
  A death knight (D:10)
  Urug (D:10)
  5 orc high priests
  A fire crab (shapeshifter) (D:11)
  Sonja (D:10)
  2 sixfirhies
  2 goliath frogs (Swamp:1)
  A skeletal warrior (D:14)
  A fire crab (D:14)
  2 infernal demonspawn (Orc:2)
  A shadow dragon zombie (D:15)
  2 torturous demonspawn (Orc:2)
  A flayed ghost (D:15)
  A necromancer (D:15)
  2 wizards
  3 deep elf pyromancers
  6 orc knights
  5 orc sorcerers
  An oklob plant (Lair:2)
  2 cyclopes (D:15)
  A cyclops (shapeshifter) (D:13)
  5 manticores
  2 ugly things
  A frost giant zombie (D:15)
  A stone giant zombie (D:15)
  11 elephants
  2 black mambas
  An orange demon (Lair:6)
  3 kobold demonologists (D:12)
  3 gargoyles
  8 cane toads
  An efreet (D:14)
  Psyche (D:10)
  5 rime drakes
  A guardian mummy (D:15)
  3 komodo dragons
  2 hellwings
  9 trolls
  2 ice devils
  A tengu conjurer (D:14)
  2 polar bears
  6 red devils
  2 meliai
  A tyrant leech (Swamp:1)
  5 hornets
  17 blink frogs
  Prince Ribbit (Lair:3)
  7 slime creatures
  An ettin zombie (D:15)
  6 dream sheep (Lair:4)
  A shadow (D:13)
  4 spriggans (Swamp:1)
  35 yaks
  2 wraiths
  3 wyverns
  4 water elementals
  5 basilisks
  Grum (D:11)
  6 vampire mosquitoes
  3 steam dragons
  4 wargs
  An acid dragon (D:14)
  3 hell hounds (Lair:6)
  21 water moccasins
  42 orc warriors
  A hornet zombie (D:6)
  3 sky beasts
  An ice beast (D:8)
  3 black bears
  8 ogres
  13 wolves
  8 centaurs
  5 kobold brigands
  10 bullfrogs
  2 scorpions
  3 gnoll sergeants
  2 wyvern zombies
  A hornet simulacrum (D:15)
  14 killer bees
  4 howler monkeys
  8 electric eels
  3 centaur zombies
  A hound (D:5)
  2 bullfrog skeletons (D:6)
  32 orc priests
  2 gnoll shamans
  Terence (D:3)
  6 hell rats (Lair:5)
  An iguana (D:6)
  20 orc wizards
  A hound skeleton (D:4)
  19 gnolls
  4 adders
  A shadow imp (D:6)
  3 white imps
  12 dart slugs
  97 orcs
  2 ball pythons
  7 bats
  5 endoplasms
  3 giant cockroaches
  6 goblins
  9 hobgoblins
  10 jackals
  2 quokkas (D:1)
  2 frilled lizards
  20 kobolds
  5 rats
689 creatures vanquished.

Vanquished Creatures (collateral kills)
  Rupert (D:14)
  4 orc high priests (Orc:2)
  An orc knight (Orc:2)
  A deep elf pyromancer (D:15)
  2 cyclopes (D:15)
  A black mamba (Lair:6)
  3 elephants (Lair:5)
  A rust devil (Orc:2)
  An ice devil (Orc:2)
  A red devil (Orc:2)
  2 meliai (D:15)
  3 yaks (Lair:6)
  6 orc warriors
  2 centaurs (D:15)
  An ogre (Orc:2)
  4 orc priests
  3 orc wizards (Orc:2)
  7 orcs
44 creatures vanquished.

Vanquished Creatures (others)
  A swamp drake (Swamp:1)
  An orc priest (Orc:2)
  3 foxfires (Swamp:1)
  31 fungi
  79 plants
  7 withered plants (D:15)
122 creatures vanquished.

Grand Total: 855 creatures vanquished

Notes
Turn   | Place    | Note
-------+----------+-------------------------------------------
     0 | D:1      | robertstho the Minotaur Berserker began the quest for the
                  | Orb.
     0 | D:1      | Reached XP level 1. HP: 19/19 MP: 0/0
   232 | D:1      | Found a faded altar of an unknown god.
   355 | D:1      | Reached XP level 2. HP: 25/27 MP: 1/1
  1385 | D:2      | Reached XP level 3. HP: 29/34 MP: 2/2
  1565 | D:2      | Reached ** piety under Trog
  2145 | D:3      | Found a sacrificial altar of Ru.
  2248 | D:3      | Reached XP level 4. HP: 32/41 MP: 3/3
  2360 | D:3      | Noticed Terence
  2379 | D:3      | Killed Terence
  3062 | D:4      | Noticed a scorpion
  3071 | D:4      | Killed a scorpion
  3072 | D:4      | Reached skill level 5 in Fighting
  3072 | D:4      | Reached skill level 5 in Axes
  3072 | D:4      | Reached XP level 5. HP: 40/48 MP: 4/4
  3229 | D:4      | Reached skill level 5 in Armour
  3332 | D:4      | Reached XP level 6. HP: 56/56 MP: 5/5
  3558 | D:5      | Entered Level 5 of the Dungeon
  3586 | D:5      | Reached *** piety under Trog
  3762 | D:5      | Noticed a water moccasin
  3770 | D:5      | Killed a water moccasin
  3771 | D:5      | Reached XP level 7. HP: 49/62 MP: 6/6
  3922 | D:5      | Found an opulent altar of Gozag.
  3922 | D:5      | Found a bloodstained altar of Trog.
  4196 | D:6      | Found a staircase to the Ecumenical Temple.
  4267 | D:6      | Reached XP level 8. HP: 52/71 MP: 7/7
  4710 | D:6      | Found a glowing golden altar of the Shining One.
  4951 | D:7      | Reached **** piety under Trog
  4968 | D:7      | Identified the +1 leather armour of the Vacuum {Rampage
                  | Regen+ Str+6}
  5112 | D:7      | Reached skill level 10 in Armour
  5221 | D:7      | Reached XP level 9. HP: 80/81 MP: 8/8
  5870 | D:8      | Noticed a two-headed ogre
  5881 | D:8      | Killed a two-headed ogre
  5969 | D:8      | Identified the +1 robe of Absolutism {Harm Int+2 Dex+3}
  6308 | D:8      | Paralysed by a hornet for 1 turns
  6313 | D:8      | Reached XP level 10. HP: 91/91 MP: 9/9
  6417 | D:8      | Found a staircase to the Lair.
  6920 | D:9      | Reached skill level 1 in Shields
  6927 | D:9      | Reached skill level 10 in Axes
  6972 | D:9      | Found Ciunti's Jewellery Shoppe.
  6977 | D:9      | Reached ***** piety under Trog
  7129 | D:9      | Reached skill level 10 in Fighting
  7187 | D:9      | Found a stormy altar of Qazlal.
  7248 | D:9      | Found a blossoming altar of Fedhas.
  7249 | D:9      | Noticed a six-headed hydra
  7257 | D:9      | Killed a six-headed hydra
  7485 | D:9      | Found an ancient bone altar of Kikubaaqudgha.
  7497 | D:9      | Found a burning altar of Makhleb.
  7590 | D:10     | Entered Level 10 of the Dungeon
  7591 | D:10     | Noticed Sonja
  7603 | D:10     | Killed Sonja
  7733 | D:10     | Noticed Urug
  7747 | D:10     | Killed Urug
  7748 | D:10     | Reached XP level 11. HP: 101/101 MP: 10/10
  7969 | D:10     | Noticed a tengu warrior
  7970 | D:10     | Noticed a death knight
  8004 | D:10     | Noticed a two-headed ogre
  8009 | D:10     | Killed a two-headed ogre
  8225 | D:10     | Noticed a two-headed ogre
  8232 | D:10     | Killed a two-headed ogre
  8233 | D:10     | Reached skill level 1 in Evocations
  8446 | D:10     | Noticed a skeletal warrior
  8468 | D:10     | Noticed Psyche
  8481 | D:10     | Killed Psyche
  8683 | D:10     | Killed a tengu warrior
  8901 | D:10     | Killed a death knight
  8965 | D:11     | Noticed Grum
  8975 | D:11     | Killed Grum
  9119 | D:11     | Noticed a two-headed ogre
  9124 | D:11     | Killed a two-headed ogre
  9125 | D:11     | Reached skill level 5 in Shields
  9386 | D:11     | Noticed a fire crab
  9386 | D:11     | Noticed a two-headed ogre
  9393 | D:11     | Killed a two-headed ogre
  9396 | D:11     | Killed a fire crab
  9740 | D:11     | Noticed a vault guard
  9747 | D:11     | Killed a vault guard
 10030 | D:11     | Found a portal to a secret trove of treasure.
 10106 | D:12     | Found a staircase to the Orcish Mines.
 10444 | D:12     | Reached XP level 12. HP: 112/112 MP: 11/11
 10624 | D:12     | Reached skill level 15 in Armour
 10766 | D:12     | Noticed a boulder beetle
 10778 | D:12     | Killed a boulder beetle
 11064 | D:12     | HP: 1/112 [large slime creature (25)]
 11077 | D:13     | Noticed a boulder beetle
 11086 | D:13     | Killed a boulder beetle
 11793 | D:13     | Noticed a boulder beetle
 11961 | D:13     | Killed a boulder beetle
 12142 | D:13     | Noticed a centaur warrior
 12147 | D:13     | Killed a centaur warrior
 12482 | D:13     | Noticed a death knight
 12786 | Lair:1   | Entered Level 1 of the Lair of Beasts
 13306 | Lair:1   | You fall into a shaft and drop 1 floor!
 13334 | Lair:2   | Noticed a seven-headed hydra
 13345 | Lair:2   | Killed a 13-headed hydra
 14555 | Lair:3   | Reached XP level 13. HP: 92/122 MP: 12/12
 15368 | Lair:3   | Found a staircase to the Snake Pit.
 15381 | Lair:3   | Reached skill level 1 in Maces & Flails
 15651 | Lair:3   | Noticed Gastronok
 15668 | Lair:3   | Killed Gastronok
 15712 | Lair:3   | Noticed Prince Ribbit
 15715 | Lair:3   | Killed Prince Ribbit
 16669 | Lair:4   | Found a staircase to the Swamp.
 16686 | Lair:4   | Identified a scroll of acquirement
 16687 | Lair:4   | Acquired 1276 gold pieces
 17045 | Lair:4   | Reached skill level 15 in Axes
 18601 | Lair:6   | Entered Level 6 of the Lair of Beasts
 18601 | Lair:6   | Found a staircase to the Slime Pits.
 18614 | Lair:6   | Reached XP level 14. HP: 133/133 MP: 13/13
 18809 | Lair:6   | Reached skill level 15 in Fighting
 19819 | Lair:6   | Found a burning altar of Makhleb.
 20320 | Lair:6   | Found a gateway to Hell.
 20884 | Orc:1    | Entered Level 1 of the Orcish Mines
 20954 | Orc:1    | Noticed Erolcha
 20958 | Orc:1    | Noticed Snorg
 20963 | Orc:1    | Killed Erolcha
 20965 | Orc:1    | Killed Snorg
 21114 | Orc:1    | Received a gift from Trog
 21347 | Orc:2    | Entered Level 2 of the Orcish Mines
 21716 | Orc:2    | Found Qiugoa's Magic Scroll Shop.
 21723 | Orc:2    | Found Vikuyt's Magic Scroll Boutique.
 21766 | Orc:2    | Received a gift from Trog
 21943 | Orc:2    | Found a staircase to the Elven Halls.
 22138 | Orc:2    | Noticed Jorgrun
 22155 | Orc:2    | Killed Jorgrun
 22897 | Orc:2    | Bought a scroll of identify for 28 gold pieces
 22897 | Orc:2    | Bought a scroll of identify for 28 gold pieces
 22897 | Orc:2    | Bought a scroll of identify for 28 gold pieces
 22897 | Orc:2    | Bought 3 scrolls of fear for 147 gold pieces
 22897 | Orc:2    | Bought a scroll of amnesia for 49 gold pieces
 22897 | Orc:2    | Bought a scroll of identify for 28 gold pieces
 22897 | Orc:2    | Bought a scroll of immolation for 49 gold pieces
 22897 | Orc:2    | Bought a scroll of holy word for 105 gold pieces
 22897 | Orc:2    | Bought a scroll of magic mapping for 49 gold pieces
 22906 | Orc:2    | Bought a scroll of teleportation for 30 gold pieces
 22906 | Orc:2    | Bought a scroll of teleportation for 30 gold pieces
 22906 | Orc:2    | Bought a scroll of identify for 20 gold pieces
 22906 | Orc:2    | Bought a scroll of enchant armour for 75 gold pieces
 22906 | Orc:2    | Bought a scroll of identify for 20 gold pieces
 23341 | Orc:2    | Reached XP level 15. HP: 62/144 MP: 14/14
 24430 | Orc:2    | Found Myjoung's Book Shoppe.
 24430 | Orc:2    | Found a one-way gate leading to the halls of Pandemonium.
 24430 | Orc:2    | Found Yrept's Antique Armour Emporium.
 24863 | Orc:1    | Noticed Harold
 24869 | Orc:1    | Killed Harold
 25327 | Orc:1    | Found Mug Hasos's General Store.
 25337 | Orc:1    | Bought a scroll of teleportation for 45 gold pieces
 25337 | Orc:1    | Bought a scroll of teleportation for 45 gold pieces
 25337 | Orc:1    | Bought a scroll of fear for 52 gold pieces
 25337 | Orc:1    | Bought a scroll of magic mapping for 52 gold pieces
 26049 | D:12     | Found an ornate altar of the Wu Jian Council.
 26178 | D:14     | Noticed Rupert
 26180 | D:14     | Paralysed by Rupert for 3 turns
 26191 | D:14     | Killed Rupert
 26638 | D:14     | Found a broken altar of Ashenzari.
 26685 | D:14     | Found a gate to the Vaults.
 27704 | D:15     | Entered Level 15 of the Dungeon
 27704 | D:15     | Found a staircase to the Depths.
 27909 | D:15     | Received a gift from Trog
 28115 | D:15     | Identified the +4 war axe "Usoif" {vorpal, rC++ Str+4
                  | Stlth+}
 28746 | D:15     | Found Askups's Armour Emporium.
 29490 | D:9      | Bought a ring of poison resistance for 260 gold pieces
 29611 | Swamp:1  | Entered Level 1 of the Swamp
 30133 | Swamp:1  | Killed from afar by a will-o-the-wisp

Illustrated notes

Levels and vault maps discovered:
D:1:      mrwooster_arrival_statue_2, layout_basic,
          chequers_ecumenical_altar_island, minmay_crystal_water
D:2:      minmay_angry_zag, layout_loops_ring, corexii_hall_statues_l,
          wad_orctagon
D:3:      layout_basic, nicolae_overflow_hidden_temple, serial_rivers,
          chequers_serial_rivers_large_a, chequers_serial_rivers_large_b,
          chequers_serial_rivers_small_3, chequers_serial_rivers_micro_a,
          chequers_serial_rivers_small_3, chequers_serial_rivers_marsh,
          minmay_curled_crystal, uniq_terence
D:4:      layout_gridville, feat_on_display
D:5:      layout_basic, grunt_temple_overflow_open
D:6:      layout_basic, minmay_temple_entry_antechambers, minmay_ruined_shrine
D:7:      kennysheep_slugbush, layout_cave_pods, minmay_between
D:8:      layout_loops_ring, erik_lair_orcish_takeover
D:9:      layout_rooms, amethyst_overflow_temple_binary, grunt_qazlal_clouds,
          general_overflow_altar, serial_shops, shop, minmay_hedge_maze
D:10:     layout_roguey, amcnicky_mini_rare_corridor_liquid, grunt_tough_drop,
          uniq_urug, uniq_psyche, uniq_sonja
D:11:     layout_gridville, enter_trove_5, uniq_grum
D:12:     minmay_skewed_foursquare, layout_basic, minivault_14,
          nzn_wu_jian_council_hall
D:13:     layout_roguey, fountainhead
D:14:     layout_roguey [special_room_orc], david_vaults_2,
          ashenzari_conservatory_becter, minmay_misc_feat_nine_boxes,
          uniq_rupert
D:15:     gammafunk_depths_entry_grave, layout_cave_pools, serial_shops, shop,
          kennysheep_crisscross, special_room [special_room_orc],
          lightli_minifort
Lair:1:   layout_chaotic_city
Lair:2:   layout_roguey, lemuel_fruit_tree, minmay_lair_oklob_chamber,
          grunt_megastairs_4, serial_bayou_shore_b, serial_bayou_shore_a,
          serial_bayou_shore_b
Lair:3:   layout_regular_city, minmay_snake_entry_six_corridors, serial_forest,
          infiniplex_forest_straight_3, infiniplex_forest_lined_room_,
          infiniplex_forest_straight_4, infiniplex_forest_straight_4,
          infiniplex_forest_clump_diagonal, infiniplex_forest_lined_corner,
          infiniplex_forest_straight_2, grunt_forest_stairs_basic,
          uniq_prince_ribbit2, uniq_gastronok
Lair:4:   layout_loops_ring, swamp_mist
Lair:5:   layout_loops_ring, grunt_megastairs_5
Lair:6:   evil_forest, layout_gridlike, slime_dummy, grunt_megastairs_3,
          infiniplex_staircase_pool_2
Swamp:1:  layout_falls_marsh, nicolae_swamp_small_spring, swamp_pool5
Orc:1:    layout_caves, basic_altar, serial_shops, nicolae_shop_trees,
          uniq_harold, uniq_snorg, uniq_erolcha
Orc:2:    pf_orc_diabolical, layout_caves, uniq_jorgrun

Skill      XL: |  1  2  3  4  5  6  7  8  9 10 11 12 13 14 15 |
---------------+----------------------------------------------+-----
Fighting       | 4 5 6 8 9 10 12 13 14 16 17 | 17.8
Axes           | 4 5 6 7 9 10 12 13 15 16 18 | 18.3
Armour         | 3 4 5 6 8 10 12 13 14 16 17 18 | 18.7
Dodging        | 3 4 |  4.1
Shields        | 2 5 6 7 |  7.8
Evocations     | 1 |  1.9
Maces & Flails | 1 2 |  2.2

Action                   |  1- 3 |  4- 6 |  7- 9 | 10-12 | 13-15 || total
-------------------------+-------+-------+-------+-------+-------++-------
Melee: Hand axe          |   125 |    93 |   289 |   206 |       ||   713
       Headbutt          |     8 |    16 |    65 |   143 |   239 ||   471
       Flail             |       |       |       |     5 |    30 ||    35
       Battleaxe         |       |       |       |   220 |   993 ||  1213
       War axe           |       |       |       |    39 |       ||    39
Invok: Berserk           |       |     3 |    10 |    16 |    22 ||    51
       Trog's Hand       |       |       |     1 |     2 |     9 ||    12
       Brothers in Arms  |       |       |       |     5 |    11 ||    16
Evoke: Wand              |       |       |       |    10 |    14 ||    24
       Piece from Xom's  |       |       |       |       |     1 ||     1
  Use: Scroll            |     3 |       |     2 |     5 |    20 ||    30
       Potion            |       |       |       |     2 |    10 ||    12
Armor: Leather armour    |     7 |       |       |       |       ||     7
       Scale mail        |    51 |       |       |       |       ||    51
       Plate armour      |    55 |    51 |   221 |   269 |   685 ||  1281
Dodge: Dodged            |    73 |    35 |   137 |   178 |   631 ||  1054
       Repelled          |       |       |       |    10 |     5 ||    15
Block: Buckler           |       |       |    13 |    99 |       ||   112
       Other             |       |       |       |    46 |   242 ||   288
       Reflection        |       |       |       |       |    11 ||    11

Table legend: (Time is in decaauts)
 A = Elapsed time spent in this place.
 B = Non-inter-level travel time spent in this place.
 C = Inter-level travel time spent in this place.
 D = Time resting spent in this place.
 E = Time spent auto-exploring this place.
 F = Levels seen in this place.
 G = Mean time per level.
                   A        B        C        D        E       F      G
               +--------+--------+--------+--------+--------+-----+--------+
         Total |  31232 |  29597 |   1635 |   5363 |  19699 |  24 | 1301.3 |
       Dungeon |  17727 |  16676 |   1051 |   2758 |  11188 |  15 | 1181.8 |
          Lair |   8784 |   8314 |    470 |    995 |   6277 |   6 | 1464.0 |
         Swamp |    154 |    154 |      0 |      9 |     49 |   1 |  154.0 |
  Orcish Mines |   4566 |   4453 |    113 |   1601 |   2184 |   2 | 2283.0 |
               +--------+--------+--------+--------+--------+-----+--------+

Top non-repeatable levels by time:
   Orc:2: 2710 daAuts
  Lair:6: 2076 daAuts
   Orc:1: 1856 daAuts
    D:12: 1836 daAuts
    D:14: 1694 daAuts
    D:15: 1674 daAuts
  Lair:4: 1647 daAuts
    D:13: 1572 daAuts
  Lair:2: 1476 daAuts
    D:11: 1463 daAuts
    D:10: 1397 daAuts
  Lair:3: 1349 daAuts
  Lair:5: 1286 daAuts
     D:1: 1121 daAuts
     D:2: 1015 daAuts
